General information
- name: BNet
- type: Ladder team game (AT/RT)
- host: Battle.net
- saver: HateWeek
map: Mur'gulOasis
- players: 8
- length: 52:32
- speed: Fast
- version: 1.26 W3XP
- replay type: Public
» download(260 KB)
Players
team 1 (loser)
Torkater (
blue | 53 APM | 275 actions | 05:11)
1 Mountain King
1 Storm Bolt
» actions
| Assign group hotkey | 30 | |
| Basic commands | 14 | |
| Build / train | 17 | |
| ESC pressed | 1 | |
| Enter build submenu | 13 | |
| Enter hero's abilities submenu | 1 | |
| Right click | 105 | |
| Select / deselect | 74 | |
| Select group hotkey | 4 | |
| Use ability | 16 | |
275 total
» units
» buildings
| Barracks | 3 | |
| Farm | 4 | |
| Altar of Kings | 1 | |
| Arcane Vault | 1 | |
9 total
» build order
01:10 Barracks
01:12 Barracks
01:20 Farm
01:28 Barracks
01:42 Farm
02:13 Altar of Kings
02:22 Arcane Vault
02:35 Farm
03:55 Farm

»
poopynugget8 (
green | 26 APM | 503 actions | 19:11)
5 Blademaster
3 Wind Walk
2 Critical Strike
» actions
| Basic commands | 3 | |
| Build / train | 40 | |
| Enter build submenu | 16 | |
| Enter hero's abilities submenu | 5 | |
| Right click | 216 | |
| Select / deselect | 196 | |
| Use ability | 26 | |
503 total
» units
| Peon | 5 | |
| Grunt | 4 | |
| Troll Headhunter/Berserker | 5 | |
| Demolisher | 2 | |
| Wind Rider | 4 | |
| Raider | 7 | |
| Kodo Beast | 1 | |
28 total
» upgrades
| Armor | 2 | |
| Ranged Weapons | 1 | |
| Ensnare | 1 | |
4 total
» buildings
| Barracks | 1 | |
| Altar of Storms | 1 | |
| Orc Burrow | 6 | |
| War Mill | 1 | |
| Stronghold | 1 | |
| Watch Tower | 3 | |
| Beastiary | 2 | |
15 total
» build order
00:26 Barracks
00:29 Altar of Storms
01:10 Orc Burrow
01:59 Orc Burrow
02:40 War Mill
03:47 Stronghold
05:34 Watch Tower
06:40 Beastiary
06:53 Beastiary
07:06 Watch Tower
08:20 Watch Tower
08:40 Orc Burrow
09:51 Orc Burrow
15:53 Orc Burrow
15:58 Orc Burrow
» items
Skinflint (
teal | 44 APM | 2308 actions | 52:32)
7 Archmage
3 Summon Water Elemental
3 Brilliance Aura
1 Mass Teleport
2 Blademaster
1 Bladestorm
1 Critical Strike
» actions
| Assign group hotkey | 45 | |
| Basic commands | 28 | |
| Build / train | 84 | |
| Enter build submenu | 44 | |
| Enter hero's abilities submenu | 9 | |
| Give item / drop item | 6 | |
| Remove unit from queue | 2 | |
| Right click | 1291 | |
| Select / deselect | 428 | |
| Select group hotkey | 177 | |
| Use ability | 194 | |
2308 total
» units
| Peasant | 24 | |
| Footman | 5 | |
| Gryphon Rider | 1 | |
| Dragonhawk Rider | 10 | |
| Priest | 1 | |
41 total
» upgrades
| Masonry | 3 | |
| Lumber Harvesting | 2 | |
| Animal War Training | 1 | |
| Swords | 2 | |
| Magic Sentry | 1 | |
| Armor | 2 | |
| Cloud | 1 | |
| Priest Training | 1 | |
13 total
» buildings
| Altar of Kings | 1 | |
| Barracks | 1 | |
| Farm | 7 | |
| Keep | 1 | |
| Arcane Vault | 2 | |
| Lumber Mill | 1 | |
| Castle | 1 | |
| Blacksmith | 1 | |
| Scout Tower | 28 | |
| Gryphon Aviary | 3 | |
| Guard Tower | 4 | |
| Arcane Sanctum | 1 | |
| Arcane Tower | 1 | |
| Town Hall | 1 | |
53 total
» build order
01:03 Altar of Kings
01:04 Barracks
01:05 Farm
01:08 Farm
01:16 Farm
01:53 Farm
03:05 Keep
03:42 Arcane Vault
04:37 Lumber Mill
05:52 Castle
06:21 Blacksmith
06:29 Scout Tower
06:30 Scout Tower
06:32 Scout Tower
06:33 Scout Tower
06:37 Scout Tower
06:40 Scout Tower
06:45 Scout Tower
07:43 Gryphon Aviary
07:43 Gryphon Aviary
07:46 Gryphon Aviary
07:50 Guard Tower
09:13 Arcane Sanctum
09:48 Farm
09:49 Farm
09:53 Farm
22:08 Arcane Vault
22:22 Scout Tower
22:22 Scout Tower
22:22 Scout Tower
22:23 Scout Tower
22:23 Scout Tower
22:25 Scout Tower
22:29 Scout Tower
22:30 Scout Tower
22:30 Scout Tower
22:30 Scout Tower
22:31 Scout Tower
22:33 Scout Tower
22:40 Scout Tower
22:41 Scout Tower
22:41 Scout Tower
22:42 Scout Tower
22:43 Scout Tower
22:43 Scout Tower
22:43 Scout Tower
22:59 Guard Tower
23:43 Guard Tower
23:50 Scout Tower
24:17 Scout Tower
24:26 Arcane Tower
24:43 Guard Tower
27:58 Town Hall
» items
| Scroll of Regeneration | 4 | |
| Lesser Clarity Potion | 1 | |
| Potion of Healing | 1 | |
| Scroll of Town Portal | 4 | |
| Dust of Appearance | 1 | |
11 total
Conquest3485 (
red | 23 APM | 434 actions | 19:04)
1 Mountain King
1 Thunder Clap
» actions
| Basic commands | 2 | |
| Build / train | 38 | |
| Enter build submenu | 17 | |
| Enter hero's abilities submenu | 1 | |
| Remove unit from queue | 2 | |
| Right click | 145 | |
| Select / deselect | 203 | |
| Use ability | 25 | |
434 total
» units
» upgrades
» buildings
| Altar of Kings | 1 | |
| Farm | 7 | |
| Barracks | 1 | |
| Blacksmith | 1 | |
| Lumber Mill | 1 | |
| Keep | 1 | |
| Town Hall | 1 | |
13 total
» build order
00:11 Altar of Kings
00:44 Farm
01:25 Farm
01:48 Barracks
02:03 Farm
03:21 Farm
03:25 Blacksmith
04:02 Farm
05:05 Lumber Mill
05:09 Farm
05:14 Keep
05:49 Farm
15:14 Town Hall
team 2 (winner)
Night.E1f. (
pink | 59 APM | 1928 actions | 32:24)
5 Archmage
3 Summon Water Elemental
2 Brilliance Aura
4 Firelord
2 Summon Lava Spawn
2 Soul Burn
» actions
| Assign group hotkey | 19 | |
| Basic commands | 63 | |
| Build / train | 71 | |
| Enter build submenu | 17 | |
| Enter hero's abilities submenu | 9 | |
| Give item / drop item | 2 | |
| Right click | 1246 | |
| Select / deselect | 389 | |
| Select group hotkey | 23 | |
| Use ability | 89 | |
1928 total
» units
| Peasant | 8 | |
| Footman | 19 | |
| Sorceress | 9 | |
| Knight | 1 | |
| Rifleman | 5 | |
42 total
» upgrades
| Defend | 1 | |
| Plating | 2 | |
| Swords | 1 | |
| Sorceress Training | 2 | |
| Animal War Training | 1 | |
7 total
» buildings
| Barracks | 2 | |
| Farm | 9 | |
| Altar of Kings | 1 | |
| Keep | 1 | |
| Blacksmith | 1 | |
| Lumber Mill | 1 | |
| Castle | 1 | |
| Arcane Vault | 1 | |
| Arcane Sanctum | 2 | |
19 total
» build order
00:17 Barracks
00:19 Farm
00:28 Altar of Kings
01:03 Farm
01:43 Farm
02:18 Farm
03:21 Farm
03:26 Barracks
05:03 Keep
05:31 Farm
05:34 Blacksmith
06:23 Lumber Mill
08:57 Castle
09:31 Arcane Vault
10:47 Arcane Sanctum
10:49 Arcane Sanctum
13:33 Farm
13:54 Farm
16:45 Farm
» items
| Scroll of Regeneration | 2 | |
| Scroll of Town Portal | 3 | |
| Potion of Healing | 3 | |
| Lesser Clarity Potion | 1 | |
9 total

»
Reward (
orange | 30 APM | 1597 actions | 52:32)
7 Shadow Hunter
3 Serpent Ward
3 Healing Wave
1 Big Bad Voodoo
» actions
| Assign group hotkey | 51 | |
| Basic commands | 112 | |
| Build / train | 75 | |
| Enter build submenu | 23 | |
| Enter hero's abilities submenu | 8 | |
| Remove unit from queue | 3 | |
| Right click | 663 | |
| Select / deselect | 332 | |
| Select group hotkey | 213 | |
| Use ability | 117 | |
1597 total
» units
| Peon | 12 | |
| Grunt | 12 | |
| Shaman | 7 | |
| Tauren | 20 | |
51 total
» upgrades
| Melee Weapons | 3 | |
| Armor | 3 | |
| Shaman Training | 2 | |
| Pulverize | 1 | |
9 total
» buildings
| Altar of Storms | 1 | |
| Orc Burrow | 8 | |
| Barracks | 1 | |
| War Mill | 2 | |
| Stronghold | 1 | |
| Voodoo Lounge | 1 | |
| Fortress | 1 | |
| Spirit Lodge | 2 | |
| Tauren Totem | 2 | |
| Great Hall | 2 | |
21 total
» build order
00:03 Altar of Storms
00:06 Orc Burrow
00:26 Barracks
02:01 Orc Burrow
02:53 War Mill
03:13 Orc Burrow
04:17 Orc Burrow
05:36 Orc Burrow
08:07 Stronghold
08:27 Voodoo Lounge
09:37 Orc Burrow
10:29 Fortress
10:34 Spirit Lodge
10:34 Spirit Lodge
12:51 Tauren Totem
12:54 Tauren Totem
13:53 Great Hall
14:21 War Mill
16:53 Orc Burrow
17:48 Orc Burrow
23:14 Great Hall
» items
| Potion of Healing | 1 | |
| Boots of Speed | 1 | |
2 total
HateWeek (
yellow | 128 APM | 6701 actions | 52:32)
5 Archmage
3 Summon Water Elemental
2 Brilliance Aura
» actions
| Assign group hotkey | 127 | |
| Basic commands | 811 | |
| Build / train | 172 | |
| ESC pressed | 13 | |
| Enter build submenu | 55 | |
| Enter hero's abilities submenu | 5 | |
| Give item / drop item | 13 | |
| Right click | 1728 | |
| Select / deselect | 616 | |
| Select group hotkey | 2943 | |
| Use ability | 218 | |
6701 total
» units
| Peasant | 18 | |
| Footman | 7 | |
| Gryphon Rider | 16 | |
| Dragonhawk Rider | 1 | |
| Mortar Team | 1 | |
43 total
» upgrades
| Defend | 1 | |
| Masonry | 4 | |
| Swords | 3 | |
| Armor | 3 | |
| Lumber Harvesting | 2 | |
| Animal War Training | 1 | |
| Storm Hammers | 1 | |
| Cloud | 1 | |
| Plating | 3 | |
| Gunpowder | 3 | |
| Magic Sentry | 1 | |
| Sorceress Training | 2 | |
| Priest Training | 2 | |
| Control Magic | 1 | |
| Flak Cannons | 1 | |
| Flying Machine Bombs | 1 | |
| Barrage | 1 | |
| Fragmentation Shards | 1 | |
| Flare | 1 | |
| Backpack | 1 | |
34 total
» buildings
| Barracks | 1 | |
| Altar of Kings | 1 | |
| Farm | 11 | |
| Arcane Vault | 1 | |
| Keep | 3 | |
| Lumber Mill | 1 | |
| Blacksmith | 2 | |
| Scout Tower | 22 | |
| Arcane Tower | 2 | |
| Castle | 4 | |
| Guard Tower | 35 | |
| Gryphon Aviary | 4 | |
| Town Hall | 2 | |
| Arcane Sanctum | 1 | |
| Workshop | 3 | |
93 total
» build order
00:10 Barracks
00:11 Altar of Kings
00:20 Farm
01:02 Farm
01:41 Farm
02:51 Farm
03:25 Arcane Vault
04:09 Farm
04:50 Keep
04:50 Keep
05:11 Lumber Mill
05:29 Blacksmith
05:34 Blacksmith
06:03 Farm
06:22 Scout Tower
06:54 Arcane Tower
07:30 Castle
07:31 Castle
08:18 Guard Tower
08:18 Guard Tower
08:19 Guard Tower
08:20 Guard Tower
08:20 Guard Tower
08:20 Guard Tower
08:28 Guard Tower
08:28 Guard Tower
08:28 Guard Tower
08:57 Gryphon Aviary
09:13 Gryphon Aviary
12:47 Town Hall
12:50 Scout Tower
12:51 Scout Tower
12:52 Scout Tower
12:53 Scout Tower
13:39 Guard Tower
13:40 Guard Tower
14:18 Guard Tower
14:53 Scout Tower
15:24 Scout Tower
15:26 Guard Tower
15:37 Scout Tower
16:04 Guard Tower
16:18 Guard Tower
16:18 Guard Tower
17:15 Scout Tower
17:16 Scout Tower
17:17 Scout Tower
17:19 Scout Tower
19:01 Guard Tower
19:01 Guard Tower
20:37 Farm
20:38 Farm
22:51 Arcane Sanctum
22:54 Farm
22:57 Farm
23:04 Gryphon Aviary
23:07 Gryphon Aviary
27:46 Workshop
27:47 Workshop
27:48 Workshop
34:06 Town Hall
36:49 Scout Tower
36:50 Scout Tower
36:51 Scout Tower
36:52 Scout Tower
37:21 Guard Tower
37:21 Guard Tower
38:36 Guard Tower
42:22 Scout Tower
42:24 Scout Tower
42:24 Scout Tower
42:25 Scout Tower
42:27 Scout Tower
42:52 Guard Tower
43:06 Guard Tower
43:07 Guard Tower
50:53 Farm
50:57 Scout Tower
» items
| Periapt of Vitality | 2 | |
| Staff of Teleportation | 6 | |
| Scroll of Regeneration | 4 | |
| Ivory Tower | 3 | |
| Potion of Healing | 3 | |
| Scroll of Town Portal | 2 | |
| Staff of Sanctuary | 1 | |
21 total

»
Warmonger- (
purple | 26 APM | 1367 actions | 52:32)
8 Blademaster
3 Wind Walk
3 Critical Strike
1 Bladestorm
1 Mirror Image
» actions
| Assign group hotkey | 14 | |
| Basic commands | 20 | |
| Build / train | 70 | |
| Enter build submenu | 13 | |
| Enter hero's abilities submenu | 8 | |
| Right click | 750 | |
| Select / deselect | 209 | |
| Select group hotkey | 188 | |
| Use ability | 95 | |
1367 total
» units
| Peon | 9 | |
| Troll Batrider | 16 | |
| Wind Rider | 2 | |
| Raider | 2 | |
29 total
» upgrades
| Spiked Barricades | 1 | |
| Ranged Weapons | 3 | |
| Liquid Fire | 1 | |
| Armor | 2 | |
| Pillage | 1 | |
| Reinforced Defenses | 1 | |
| Backpack | 1 | |
10 total
» buildings
| Altar of Storms | 1 | |
| Orc Burrow | 5 | |
| Voodoo Lounge | 1 | |
| War Mill | 1 | |
| Stronghold | 1 | |
| Watch Tower | 1 | |
| Beastiary | 4 | |
| Fortress | 1 | |
15 total
» build order
00:08 Altar of Storms
00:12 Orc Burrow
00:55 Voodoo Lounge
01:32 War Mill
03:14 Stronghold
03:18 Orc Burrow
03:36 Watch Tower
05:44 Beastiary
05:46 Beastiary
06:20 Fortress
08:09 Orc Burrow
08:13 Orc Burrow
13:41 Orc Burrow
29:53 Beastiary
29:55 Beastiary
» items
| Healing Salve | 4 | |
| Lesser Clarity Potion | 5 | |
| Orb of Lightning | 1 | |
| Boots of Speed | 1 | |
| Scroll of Town Portal | 1 | |
| Potion of Healing | 6 | |
| Potion of Mana | 2 | |
20 total
Chat log
(00:08 / Allies) Night.E1f.: ima rush
(00:17 / All) HateWeek: HERE COMES THE CHOPPER TO CHOP OFF YOUR HEAD
(00:18 / Allies) Reward: i'll rush with you
(00:22 / All) HateWeek: CHOP CHOP
(00:33 / All) Night.E1f.: i have a feeling there is no chopper
(00:34 / All) HateWeek: ARE YOU THAT SLEEPY GIRL THAT DIDN'T WANT TO LEARN HOW TO OUTSHINE MURDER?
(00:50 / All) Night.E1f.: nah thats not me
(00:55 / All) HateWeek: WELL BRING HELL MONEY TO RECONCILE
(00:55 / All) Night.E1f.: check down the hall
(02:10 / Allies) Night.E1f.: purple you gonna build towers when we rush?
(02:18 / Allies) Warmonger-: why not
(02:19 / Allies) Reward: where we meet for rush?
(02:23 / Allies) HateWeek: you said you are rushing, never said we are
(02:25 / Allies) Night.E1f.: AT Purple
(02:32 / Allies) Night.E1f.: thats fine yellow
(02:39 / Allies) Night.E1f.: when me and orange rush*
(02:47 / Allies) Warmonger-: feed
(02:52 / All) Skinflint: I was born this way
(02:56 / All) Skinflint: GOD MADE ME SPECIAL
(03:15 / Allies) Night.E1f.: hes got the idea lol
(04:05 / Allies) Warmonger-: MK
(04:18 / Allies) Night.E1f.: kill peasants
(04:28 / Allies) HateWeek: What's MK? I bought this game today
(04:35 / Allies) Warmonger-: really?
(04:39 / Allies) HateWeek: yes
(05:09 / Allies) Warmonger-: main
(05:11 / Allies) Warmonger-: and next
(05:16 / Allies) Night.E1f.: easy peasy
(05:35 / Allies) Warmonger-: next
(05:50 / Allies) Night.E1f.: yellow #stud
(05:57 / Allies) HateWeek: ?
(06:03 / Allies) Night.E1f.: reppin that level 3 am
(06:58 / Allies) Reward: mk
(07:35 / Allies) Warmonger-: b
(07:49 / Allies) Warmonger-: yes b
(08:57 / Allies) Reward: purp
(08:59 / Allies) Reward: u going bats?
(09:01 / Allies) Reward: yeah?
(09:05 / Allies) Warmonger-: yes
(09:16 / Allies) Reward: ki
(09:21 / Allies) Reward: i know it's late, but i'll go taur sham
(09:38 / Allies) Night.E1f.: yeah go for it
(11:16 / Allies) Warmonger-: bout to main teal
(11:17 / Allies) Night.E1f.: shall we hit?
(11:26 / Allies) Night.E1f.: nice
(11:36 / Allies) Warmonger-: red*
(12:02 / All) Warmonger-: gg
(12:39 / Allies) HateWeek: 200 wood please
(12:47 / Allies) HateWeek: ty
(12:49 / Allies) Warmonger-: yes clean him up
(14:56 / Allies) Night.E1f.: teal mass hawks
(15:00 / Allies) Warmonger-: good
(15:02 / Allies) Warmonger-: fucking noob
(15:04 / Allies) Night.E1f.: yeah lol
(15:26 / Allies) Night.E1f.: lets finish them
(15:30 / Allies) Night.E1f.: come
(15:56 / All) Skinflint: slow is so gay
(16:05 / All) Warmonger-: learn to anticaster
(16:05 / All) Skinflint: lucky fucking purple
(16:13 / All) HateWeek: anticaster in 4v4 lol
(16:15 / All) Warmonger-: not lucky
(16:20 / All) Skinflint: learn to do something but mass bats and blademaster faggot
(16:20 / All) Warmonger-: I've been analing your team all game
(16:25 / All) HateWeek: only good anticaster in 4v4 is maybe destros
(16:41 / All) HateWeek: would you like him to go priest spell breaker?
(16:50 / All) Warmonger-: that's perfectly acceptable
(17:10 / All) HateWeek: If you like losing to every 4v4 team composition I guess
(17:32 / All) Skinflint: damn you're good man
(17:42 / All) Skinflint: never seen someone go invisible and move thru units and right click
(18:13 / All) Night.E1f.: yee yee!
(18:23 / Allies) Night.E1f.: yellow lol
(18:25 / Allies) Reward: yellow
(18:27 / Allies) Reward: tk?
(18:27 / Allies) Reward: lol
(18:37 / Allies) Reward: wjhy?
(18:40 / Allies) Warmonger-: I don't get what you think is wrong with breaker priest
(19:32 / All) Reward: LOL
(20:26 / Allies) Reward: i don't know why yellow is tking
(20:35 / Allies) Warmonger-: cuz we won and he's a fag
(20:37 / Allies) Night.E1f.: i dont really care about winning or losing
(20:45 / Allies) Reward: pink
(20:46 / Allies) Night.E1f.: but ill help you guys out
(20:47 / Allies) Reward: i help you end
(21:37 / Allies) Warmonger-: bullshit
(21:40 / All) HateWeek: lol
(21:50 / All) HateWeek: sick bm control
(23:26 / Allies) Night.E1f.: lol
(23:29 / All) Reward: :D
(23:57 / Allies) Reward: shit
(24:00 / Allies) Reward: was i attackin you pinK?
(24:01 / Allies) Reward: crap
(24:07 / Allies) Reward: i thouhgt i was gettign yellow lol
(24:37 / Allies) Night.E1f.: nice move yellow :P
(24:42 / Allies) Night.E1f.: i was texting haha
(24:52 / All) HateWeek: Pink blames it on him texting
(24:55 / All) HateWeek: What was your text?
(25:06 / All) Night.E1f.: "I'm breaking up with you"
(25:21 / All) Skinflint: so good
(25:23 / All) Skinflint: right click man
(25:24 / All) Skinflint: wow
(25:28 / All) Skinflint: never seen the like
(25:32 / All) Warmonger-: shut up
(25:41 / All) Skinflint: You suck I bet if I stats you you aren't even 50%$
(25:49 / All) Warmonger-: you're definitely not
(25:51 / All) Skinflint: 18-17
(25:53 / All) Skinflint: WOW MAN
(25:54 / All) HateWeek: He is 0-0
(25:56 / All) Skinflint: WOW YOU ARE OVER 50%
(25:58 / All) Warmonger-: you're 0 - 1
(26:00 / All) Warmonger-: faggot
(26:10 / All) Warmonger-: and you're gonna talk shit
(26:11 / All) Skinflint: You rushed and got lucky
(26:11 / All) Warmonger-: amazing
(26:18 / All) Warmonger-: no I scouted and FUCKED you
(26:20 / All) Skinflint: You aren't good
(26:25 / All) Skinflint: YOU ARE NOT GOOD
(26:27 / All) Warmonger-: blah blah blah
(26:32 / All) Skinflint: Blademaster is the most imbalanced hero
(26:37 / All) Warmonger-: cry more
(26:38 / All) Skinflint: You don't consistently get high level blademaster
(26:41 / All) Skinflint: I guarantee it
(26:42 / All) Warmonger-: and orc is my weakest race
(26:44 / Allies) Night.E1f.: orange i got you
(26:51 / Allies) Night.E1f.: replenishment potion
(26:53 / All) Skinflint: suire
(26:59 / All) Warmonger-: Q fucking Q nigger
(27:02 / All) Warmonger-: leave
(27:25 / All) HateWeek: Pink is long distance mining, it's cute
(27:26 / All) Warmonger-: I mean
(27:30 / All) Warmonger-: you're the retard
(27:34 / All) Night.E1f.: isnt it tho?
(27:36 / All) Warmonger-: complaining about "slow"
(27:40 / All) Warmonger-: for god's sake
(27:41 / All) Night.E1f.: thats my favorite part about warcraft
(27:45 / All) Warmonger-: fucking noobtastic
(28:04 / Allies) Reward: pink
(28:05 / Allies) Reward: come
(28:10 / Allies) Reward: follow purp
(28:11 / Allies) Reward: end it
(29:17 / All) HateWeek: this would be so much easier if I had mass tp
(30:00 / Allies) Reward: faster than you yellow
(30:01 / Allies) Reward: fag
(30:03 / Allies) Reward: why are you doing this?
(30:25 / Allies) HateWeek: Because I don't like your arrogance earlier
(30:26 / Allies) HateWeek: along with purp
(30:31 / Allies) Reward: my arrogance?
(30:32 / Allies) Warmonger-: fuck you
(30:33 / Allies) Reward: hjow
(30:36 / Allies) Reward: i said nothing lol
(30:38 / Allies) Warmonger-: internet police over here
(30:39 / Allies) Warmonger-: FUCK
(30:42 / Allies) Warmonger-: YOU
(30:45 / All) Night.E1f.: dont forget about me
(30:48 / All) Night.E1f.: i dont wanna be left out
(30:59 / Allies) Warmonger-: you're the arrogant one
(31:05 / Allies) Warmonger-: not playing the game as intended
(31:19 / Allies) Warmonger-: cute
(31:33 / Allies) Night.E1f.: whalllleeee i think ive overstayed my welcome
(31:38 / Allies) HateWeek: Yes you have, so leave
(31:44 / Allies) HateWeek: or give me more funny rage
(31:46 / Allies) Night.E1f.: adios and good luck
(31:54 / Allies) Reward: stay
(31:55 / Allies) Reward: plz
(31:58 / All) Skinflint: OMG
(32:02 / All) Skinflint: WIND WALK AND RIGHT LCICK
(32:03 / Allies) Night.E1f.: nah my bro just called me ima head out
(32:05 / All) Skinflint: DIFFICULT
(32:14 / Allies) HateWeek: Bye
(32:18 / Allies) Warmonger-: cya pussy
(32:31 / All) Skinflint: leave you lost
(32:48 / All) Warmonger-: hateweek is the biggest fag on bnet
(32:51 / All) Warmonger-: which is incredible
(32:53 / All) Skinflint: you are
(32:54 / All) HateWeek: They just don't understand
(32:54 / All) Warmonger-: given how many fags are on bnet
(32:57 / All) HateWeek: I don't like their oldspeak
(33:07 / All) Warmonger-: Don't care what you like
(33:10 / All) Warmonger-: don't care what you don't like
(33:15 / All) Warmonger-: you're a fag and a half
(33:50 / Allies) Warmonger-: afk
(33:54 / Allies) Warmonger-: keep nerd raging
(34:00 / Allies) HateWeek: I'm not angry lol
(35:54 / Allies) Reward: purp?
(35:55 / Allies) Reward: kill this
(36:17 / All) HateWeek: fucking storm hammer
(37:18 / Allies) Reward: yellow
(37:20 / Allies) Reward: are you going to end it?
(37:28 / Allies) HateWeek: by killing your shit
(37:35 / Allies) Reward: ?
(37:41 / Allies) Reward: i dont understnad why your mad at me
(39:22 / All) HateWeek: this is a close game
(39:45 / All) Skinflint: it shouldn't have been
(40:02 / All) Skinflint: you were twiddling your thumbs while they destroyed my base trying to get level 6
(40:04 / All) HateWeek: More interesting if it is
(40:06 / All) Skinflint: it wasn't necessary
(40:08 / All) Skinflint: because they had no expos
(40:12 / All) Skinflint: and not a lot of aa
(40:28 / All) Skinflint: No need to artificially make it close
(40:34 / All) Warmonger-: I'm back
(40:37 / Allies) Reward: great
(40:39 / All) Warmonger-: you fags enjoying your circle jerk?
(40:40 / Allies) Reward: purp
(40:42 / Allies) Reward: kill this
(40:47 / Allies) Warmonger-: I can't kill shit
(40:48 / All) Skinflint: level 6 is only necessary if they have a lot of bases/expos
(40:50 / Allies) Warmonger-: nor do I want to
(40:55 / All) Skinflint: and you need to hit and run a lot
(40:58 / All) HateWeek: Purp is back
(41:00 / All) Skinflint: because of their aa
(41:01 / All) HateWeek: oj trying to rebuild
(41:19 / All) HateWeek: sell an item and repair your hall
(41:31 / Allies) Warmonger-: what hall?
(42:12 / Allies) Warmonger-: orange
(42:13 / Allies) Warmonger-: let it go
(42:29 / Allies) Warmonger-: let the cyber white knight faggot have his fun
(42:40 / Allies) Warmonger-: pay for your arrogance
(42:41 / All) HateWeek: HAHAHAHHAHAHA
(42:43 / All) HateWeek: TRAPPED
(42:44 / Allies) Warmonger-: you must pay
(42:47 / All) Skinflint: lol
(42:47 / All) HateWeek: dumbass
(43:06 / Allies) Reward: yellow
(43:09 / Allies) HateWeek: Yes?
(43:13 / Allies) Reward: i still don't understand why bro
(43:14 / Allies) Reward: ha
(43:18 / Allies) Reward: i didn't do anything to you.........
(43:22 / Allies) HateWeek: You tried to win the game
(43:29 / Allies) HateWeek: I don't want you to win the game
(43:44 / Allies) Reward: so you're going to waste you time on here then......
(43:45 / Allies) Warmonger-: it's going to happen my dyde
(43:47 / Allies) Reward: tking..........
(43:49 / Allies) Warmonger-: I'm going to get a win
(43:51 / Allies) Warmonger-: and ther'es nothing you can do
(43:57 / Allies) HateWeek: no you aren;t
(44:02 / Allies) Warmonger-: yes
(44:03 / Allies) Warmonger-: I am
(44:25 / Allies) Warmonger-: how long are you prepared to leave your game on?
(44:34 / Allies) Warmonger-: how long is green prepared to stay?
(44:40 / Allies) Warmonger-: not longer than me
(44:45 / All) HateWeek: Does it matter?
(44:45 / Allies) Warmonger-: I win
(44:49 / All) HateWeek: I will kill every last building
(44:51 / Allies) Reward: teal
(44:54 / All) Reward: teal
(44:58 / All) Reward: be noble
(45:03 / All) Reward: kill your town hall
(45:04 / All) HateWeek: Yes beg him for the win
(45:05 / All) Skinflint: I want to win
(45:06 / All) HateWeek: I am sure he'll oblige
(45:08 / All) Reward: spare us the boredom lol
(45:12 / All) Skinflint: I want to get into clan
(45:14 / All) Skinflint: You leave
(45:20 / All) Reward: he's going to kill all our bulidings
(45:21 / Allies) Reward: and
(45:22 / All) Skinflint: I'll try my luck
(45:23 / All) Reward: and then you
(45:28 / All) Reward: waste of time man.........
(45:33 / All) Skinflint: Bro this is 50 50 chance
(45:34 / All) Warmonger-: you didn't earn it
(45:36 / All) Skinflint: I need this win
(45:39 / All) Skinflint: I need it bad
(45:39 / All) Reward: i'm not your "bro"
(45:47 / All) Skinflint: Yeah well you're a jerk
(45:51 / All) Reward: i'm a jerk!
(46:02 / All) Warmonger-: You're a shitdick dragonhawk masser
(46:03 / All) Skinflint: Yellow be merciful and let me win plz
(46:05 / All) Warmonger-: FUCK YOU
(46:13 / All) HateWeek: What is wrong with dhawks?
(46:18 / All) HateWeek: That wasn't luck
(46:19 / All) Warmonger-: Shut up
(46:21 / All) HateWeek: It was all skill that I made air
(46:23 / All) HateWeek: I planned it
(46:28 / All) Skinflint: Yeah I should be a BM bat masser
(46:37 / All) Warmonger-: better than mass hawks obv
(46:41 / All) Skinflint: Nope
(46:41 / All) Warmonger-: since you got rolled so hard
(46:45 / All) Warmonger-: you got ROLLED
(46:48 / All) Skinflint: I rolled you
(46:54 / All) Warmonger-: lol
(46:55 / All) Skinflint: it was 3v1
(47:01 / All) Skinflint: I destroyed all your air with my hawks
(47:10 / All) Warmonger-: like 4wyvs?
(47:13 / All) Skinflint: you only got a couple of my dhawks because they were slowed
(47:14 / All) Warmonger-: grats
(47:21 / All) Warmonger-: can't even count how many times I nuked your hawks
(47:22 / All) Skinflint: like 8 bats and 6 wyvs dummy
(47:26 / All) Warmonger-: soft, weak little hawks
(47:28 / All) Skinflint: Not many times
(47:31 / All) Warmonger-: pumping my bm high
(47:31 / All) Skinflint: Watch replay
(47:35 / All) Skinflint: You killed like 2 hawks
(47:40 / All) Warmonger-: no way am I watching this replay
(47:41 / All) Reward: having fun yellow? :)
(47:43 / All) Warmonger-: I sacked you
(47:44 / All) Skinflint: because they were separated from slow
(47:50 / All) Warmonger-: "wah wah slow wah wah"
(48:08 / All) HateWeek: I like how purple thinks he's actually good
(48:09 / All) Reward: i guess this is kind of literary theory
(48:10 / All) Skinflint: I killed 11 of your air at once
(48:12 / All) Skinflint: all of my dhawks
(48:19 / All) HateWeek: He is 18-17 trash
(48:19 / All) Reward: how did I do yellow?
(48:20 / All) Skinflint: ensnared your air
(48:21 / All) Warmonger-: I never had 11 air at once
(48:27 / All) HateWeek: Orange is 90-91 not even 50%
(48:36 / All) Reward: what's yours?
(48:36 / All) Skinflint: You had a lot of bats and then some wyvs yes you did
(48:43 / All) Reward: yellow?
(48:49 / All) HateWeek: My record? I only play 0-0 accounts
(48:52 / All) Warmonger-: stop looking for yellow's approval
(48:54 / All) HateWeek: I have a 25-12 account on Northrend
(48:57 / All) Skinflint: Yellow are you going to give me this win?
(48:57 / All) Warmonger-: see what a hipster dipshit he is?
(49:00 / All) Reward: oh wait, new account so you can't even prove antying........
(49:00 / All) Skinflint: Please man
(49:05 / All) Warmonger-: yeah beg for the win
(49:08 / All) HateWeek: My account on Northrend is Dssn
(49:13 / All) Skinflint: I'll tell the clan I'm trying to get into about your good deed
(49:14 / All) Reward: ?
(49:21 / All) HateWeek: technically it's something like 25-15 I think, I was drophacked about 4 times
(49:21 / All) Reward: clans are overrated
(49:24 / All) HateWeek: by N00BTAC
(49:25 / All) Reward: they die out and mean nothing
(49:34 / All) HateWeek: Words of a clanless person
(49:38 / All) Warmonger-: Yellow
(49:41 / All) HateWeek: Yes?
(49:46 / All) Warmonger-: lol
(49:50 / Allies) Warmonger-: talking about your accounts
(49:51 / All) Skinflint: My clan will last forever
(49:52 / All) Reward: yellow
(49:53 / All) HateWeek: You are begging for wins
(49:54 / All) Skinflint: They are a brotherhood
(49:55 / Allies) Warmonger-: hilarious
(49:55 / All) HateWeek: You are all pathetic
(49:58 / All) Skinflint: I can't wait to be accepted
(49:59 / Allies) HateWeek: You asked
(50:02 / Allies) HateWeek: I wasn't bragging
(50:04 / All) Reward: YELLOW
(50:05 / Allies) Warmonger-: lol
(50:07 / Allies) Warmonger-: hilarious
(50:15 / All) HateWeek: Did you say something?
(50:19 / Allies) Warmonger-: I can imagine the sad little dude you are in reality
(50:20 / All) Reward: who?
(50:42 / All) HateWeek: I can imagine you are a PhD with a hot girlfriend and a six figure income
(50:51 / All) Warmonger-: nah bro
(50:56 / All) Warmonger-: but I'm pretty hot shit
(50:59 / All) HateWeek: Oh?
(51:04 / All) Warmonger-: I would never go for a PhD first of all
(51:11 / All) Warmonger-: that's just foolish
(51:16 / All) Warmonger-: anyway
(51:19 / All) Warmonger-: teal
(51:24 / All) Warmonger-: I'll 1v1 you any day of the week
(51:28 / All) Warmonger-: pathetic shitdick
(51:32 / All) Skinflint: Okay
(51:34 / All) HateWeek: Want to after?
(51:35 / All) Skinflint: After this match
(51:36 / All) Skinflint: yes
(51:38 / All) Skinflint: after this match
(51:41 / All) HateWeek: You are playing teal?
(51:42 / All) HateWeek: I'll host
(51:47 / All) Warmonger-: thank you
(51:49 / All) Skinflint: channel batman begins
(52:04 / Allies) Reward: lol
(52:07 / Allies) Reward: moment of truth...
(52:16 / All) HateWeek: You can do the honour
(52:20 / All) HateWeek: You have my permission
(52:24 / All) Skinflint: batman begins
(52:28 / Allies) Reward: lol
(52:28 / All) Skinflint: you going down motherfucker
(52:30 / All) HateWeek: batman begins
(52:31 / All) HateWeek: 1v1